 Dungeon Crawl Stone Soup version 0.30-a0-23-ge60ba3568b (webtiles) character file.

Game seed: 14575618713691689472

25 Sweeb the Twirler (level 2, -1/23 HPs)
             Began as a Mummy Gladiator on Aug 25, 2022.
             Slain by Terence
             ... wielding a +0 mace
              (8 damage)
             ... on level 2 of the Dungeon.
             The game lasted 00:01:39 (1016 turns).

Sweeb the Twirler (Mummy Gladiator)                 Turns: 1016, Time: 00:01:39

Health: -1/23      AC:  7    Str: 17    XL:     2   Next: 82%
Magic:  2/2        EV: 11    Int:  7    God:
Gold:   65         SH:  0    Dex: 13    Spells: 1/1 levels left

rFire   x . .      SeeInvis .    a - +0 quarterstaff
rCold   + . .      Faith    .    (shield currently unavailable)
rNeg    + + +      Spirit   .    g - +0 ring mail
rPois   ∞          Reflect  .    c - +1 helmet
rElec   .          Harm     .    (no cloak)
rCorr   .          Rampage  .    (no gloves)
Will    .....                    (no boots)
Stlth   +.........               (no amulet)
HPRegen 0.07/turn                (no ring)
MPRegen 0.08/turn                (no ring)

@: no status effects
A: cold resistance 1, negative energy resistance 3, torment resistance 2, heat
vulnerability 1, no potions
a: no special abilities


You were on level 2 of the Dungeon.
You visited 1 branch of the dungeon, and saw 2 of its levels.

You collected 65 gold pieces.

Inventory:

Hand Weapons
 a - a +0 quarterstaff (weapon)
Missiles
 d - a throwing net (quivered)
 e - a javelin
Armour
 c - a +1 helmet (worn)
 g - a +0 ring mail (worn)
Scrolls
 f - a scroll of teleportation


   Skills:
 + Level 2.4 Fighting
 * Level 2.9 Staves
 - Level 1.5 Throwing
 - Level 2.4 Dodging
 + Level 0.9 Stealth


You had one spell level left.
You didn't know any spells.
Your spell library contained the following spells:

 Spells                   Type           Power      Damage    Failure   Level
 Frozen Ramparts          Ice            0%         1d1       95%         3
 Summon Ice Beast         Ice/Summ       0%         N/A       100%        4
 Ice Form                 Ice/Tmut       Unusable   N/A       N/A         4

Dungeon Overview and Level Annotations

Branches:
Dungeon (2/15)

Altars:

Annotations:
D:2 Terence


Innate Abilities, Weirdness & Mutations

You are immune to poison.
Your flesh is cold resistant. (rC+)
You are immune to negative energy. (rN+++)
You are immune to unholy pain and torment.
You are vulnerable to heat. (rF-)
You do not drink.


Message History

Okay, then.
Throw: 3 throwing nets
Press: ? - help, Q - select action, (/) - cycle Shift-Dir - straight line, f - Terence
Aim: Terence, wielding a +0 mace and wearing a +0 chain mail (lightly wounded, 65% to hit)
You throw a throwing net. The throwing net hits Terence.
Terence is caught in the net!
Terence is lightly wounded.
You hit Terence.
Terence is moderately wounded.
Terence struggles against the net. x2
You hit Terence.
Terence is heavily wounded.
Terence struggles against the net.
You hit Terence but do no damage.
Terence is heavily wounded.
Terence looks scornfully at you.
Terence struggles against the net.
You hit Terence but do no damage.
Terence is heavily wounded.
Terence struggles against the net.
The net rips apart, and Terence comes free!
You completely miss Terence.
Terence is heavily wounded.
Terence hits you but does no damage.
You hit Terence.
Terence is severely wounded.
Terence closely misses you. x2
Throw: 2 throwing nets
Press: ? - help, Q - select action, (/) - cycle Shift-Dir - straight line, f/p - Terence
Aim: Terence, wielding a +0 mace and wearing a +0 chain mail (severely wounded, 65% to hit)
You throw a throwing net.
The throwing net closely misses Terence.
Terence closely misses you.
You hit Terence.
Terence is almost dead.
Terence closely misses you.
You barely miss Terence.
Terence is almost dead.
Terence hits you with a +0 mace!
You die...

# ###
##########.#
...
.......@@.(#
#.#
#######.##.#
#.# #.# #
#.# #.# #.#
#.# #<#.#
#.# #.#.#
#.# #.#.#
#.# #.#.#
###†#


You could see Terence.

Vanquished Creatures
  2 dart slugs
  2 ball pythons (D:1)
  2 hobgoblins (D:1)
  4 jackals (D:1)
  3 kobolds (D:1)
  A quokka (D:2)
  2 bats (D:1)
  A frilled lizard (D:1)
  2 rats (D:1)
19 creatures vanquished.

Notes
Turn   | Place    | Note
-------+----------+-------------------------------------------
     0 | D:1      | Sweeb the Mummy Gladiator began the quest for the Orb.
     0 | D:1      | Reached XP level 1. HP: 16/16 MP: 1/1
   298 | D:1      | Reached XP level 2. HP: 20/22 MP: 2/2
   581 | D:1      | Found a faded altar of an unknown god.
   999 | D:2      | Noticed Terence
  1016 | D:2      | Slain by Terence

Illustrated notes

Levels and vault maps discovered:
D:1:      saegor_arrival_simple_a, layout_rooms,
          shapermc_ecumenical_altar_starsandcircs, grunt_decor_resistance,
          columned_hall_lemuel
D:2:      layout_loops_ring, basic_altar, minmay_tromino_i2, uniq_sigmund,
          uniq_terence

Action                   || total
-------------------------++-------
Melee: Quarterstaff      ||    66
Throw: Throwing net      ||     2
  Use: Scroll            ||     4
Armor: Leather armour    ||    21
       Ring mail         ||    10
Dodge: Dodged            ||    61

Table legend: (Time is in decaauts)
 A = Elapsed time spent in this place.
 B = Non-inter-level travel time spent in this place.
 C = Inter-level travel time spent in this place.
 D = Time resting spent in this place.
 E = Time spent auto-exploring this place.
 F = Levels seen in this place.
 G = Mean time per level.
                   A        B        C        D        E       F      G
               +--------+--------+--------+--------+--------+-----+--------+
         Total |   1026 |   1017 |      9 |    196 |    650 |   2 |  513.0 |
       Dungeon |   1026 |   1017 |      9 |    196 |    650 |   2 |  513.0 |
               +--------+--------+--------+--------+--------+-----+--------+

Top non-repeatable levels by time:
     D:1: 891 daAuts
     D:2: 135 daAuts
